 Dungeon Sprint DCSS version 0.27.0-66-gdc8fb28755 (webtiles) character file.

Game seed: 4498928449356569367

8245 styxcanada the Imperceptible (level 11, -3/58 HPs)
             Began as a Spriggan Brigand on Aug 21, 2021.
             Was an Initiate of Gozag.
             Killed from afar by a crystal guardian (15 damage)
             ... with a crystal bolt
             ... in the Dungeon (Sprint III: "The Ten Rune Challenge").
             The game lasted 00:22:27 (2356 turns).

styxcanada the Imperceptible (Spriggan Brigand)     Turns: 2356, Time: 00:22:28

Health: -3/58      AC:  5    Str:  4    XL:     11   Next: 7%
Magic:  27/27      EV: 25    Int: 14    God:    Gozag
Gold:   433        SH:  0    Dex: 19    Spells: 24/32 levels left

rFire    + + .     SeeInvis +   w - +4 hunting sling of the Eternal Void {freeze, rPois rF+ rC+ Str-3}
rCold    + . .     Faith    .   (shield restricted)
rNeg     . . .     Spirit   .   t - +2 robe {Archmagi}
rPois    +         Reflect  .   (helmet restricted)
rElec    .         Harm     .   c - +0 cloak
rCorr    .         Rampage  .   (gloves unavailable)
Will     ++++.     Archmagi +   (boots unavailable) Stlth ++++++++..NoTele +
                                (no amulet)
HPRegen  0.19/turn              v - ring of Lanir {rPois rF+ Will+}
MPRegen  0.20/turn              (no ring)

@: very quick
A: very small, no large weapons, unfitting armour, see invisible, speed 3,
hooves 1, strong-willed 2, wild magic 1, noise suppression
a: Renounce Religion, Potion Petition, Call Merchant, Bribe Branch


You were in the Dungeon.
You worshipped Gozag.
Gozag was aware of your devotion.
You visited 1 branch You collected 2103 gold pieces.
You spent 1670 gold pieces at shops.

Inventory:

Hand Weapons
 a - a +2 dagger
 j - a +2 long sword of holy wrath
 w - the +4 hunting sling of the Eternal Void (weapon) {freeze, rPois rF+ rC+ Str-3}
   (You bought it in a shop in the Dungeon)

   Any ammunition fired from it freezes those it strikes, dealing additional
   cold damage.
   It can also slow down cold-blooded creatures.
   Str:       It affects your strength (-3).
   rF:        It protects you from fire.
   rC:        It protects you from cold.
   rPois:     It protects you from poison.
Missiles
 d - 7 poisoned darts
 e - 9 curare-tipped darts
 l - 14 stones (quivered ammo)
Armour
 b - a +0 robe
 c - a +0 cloak (worn)
 t - a +2 robe of the Archmagi (worn)
Jewellery
 v - the ring of Lanir (left hand) {rPois rF+ Will+}
   (You acquired it in the Dungeon)

   [ring of willpower]

   rF:        It protects you from fire.
   rPois:     It protects you from poison.
   Will:      It increases your willpower.
Wands
 s - a wand of paralysis (9)
Scrolls
 k - a scroll of blinking
 n - 3 scrolls of immolation
 o - 2 scrolls of identify
 u - a scroll of summoning
 x - a scroll of magic mapping
Potions
 f - a potion of curing
 g - 4 potions of heal wounds
 h - a potion of haste
 i - 2 potions of magic
 m - a potion of might
 p - 2 potions of flight
 q - a potion of cancellation
 z - a potion of berserk rage


   Skills:
 * Level 7.2 Fighting
 + Level 7.6 Short Blades
 + Level 7.1 Throwing
 * Level 10.9 Dodging
 * Level 21.5 Stealth
 * Level 11.3 Spellcasting
 * Level 5.9 Conjurations
 * Level 1.3 Hexes
 * Level 0.8 Ice Magic
 * Level 6.3 Air Magic
 * Level 6.9 Poison Magic
 * Level 7.7 Evocations


You had 24 spell levels left.
You knew the following spells:

 Your Spells              Type           Power      Damage    Failure   Level
a - Magic Dart            Conj           100%       1d8       1%          1
b - Mephitic Cloud        Conj/Pois/Air  50%        N/A       3%          3
c - Searing Ray           Conj           96%        3d7       2%          2
d - Ensorcelled Hibernat  Hex/Ice        42%        N/A       13%         2

Your spell library contained the following spells:

 Spells                   Type           Power      Damage    Failure   Level
 Corona                   Hex            24%        N/A       9%          1
 Call Imp                 Summ           15%        N/A       21%         2
 Tukima's Dance           Hex            22%        N/A       22%         3
 Fulminant Prism          Conj/Hex       17%        3d11      28%         4


Dungeon Overview and Level Annotations

Branches:
Dungeon (1/1)

Altars:
Cheibriados
Dithmenos
Elyvilon
Fedhas
Gozag
Hepliaklqana
Kikubaaqudgha
Makhleb
Nemelex Xobeh
Okawaru
Qazlal
Ru
Sif Muna
Trog
Uskayaw
Vehumet
Wu Jian
Xom
Yredelemnul
Zin
The Shining One
Beogh
Jiyva
Lugonu

Shops:
D [?(??=*:!(!

Annotations:
D exclusion: orange crystal statue


Innate Abilities, Weirdness & Mutations

You are very small and have problems with some larger weapons.
You are too small for most types of armour.
You have supernaturally acute eyesight. (SInv)
You cover ground extremely quickly. (Speed+++)
You have large cloven feet.
You are highly strong-willed. (Will++)
Your spells are a little harder to cast, but a little more powerful.
You passively dampen the noise of your surroundings.


Message History

The crystal bolt burns the crystal guardian.
The crystal guardian completely resists.
The crystal guardian fires a crystalline bolt at you.
The crystal bolt misses you.
The crystal guardian fires a crystalline bolt at you.
The crystal bolt misses you.
The crystal guardian fires a crystalline bolt at you.
The crystal bolt burns you! You resist.
The crystal guardian fires a crystalline bolt at you.
The crystal bolt freezes you! You resist.
* * * LOW HITPOINT WARNING * * *
You see here a stone.
Fire: 18 stones
Press: ? - help, Q - select action, (/) - cycle Shift-Dir - straight line, f - crystal guardian
Aim: a crystal guardian (98% to hit)
You shoot a stone.
The stone hits the crystal guardian but does no damage.
Fire: 17 stones
Press: ? - help, Q - select action, (/) - cycle Shift-Dir - straight line, f/p - crystal guardian
Aim: a crystal guardian (98% to hit)
You shoot a stone.
The stone hits the crystal guardian but does no damage.
Fire: 16 stones
Press: ? - help, Q - select action, (/) - cycle Shift-Dir - straight line, f/p - crystal guardian
Aim: a crystal guardian (98% to hit)
You shoot a stone.
The stone hits the crystal guardian but does no damage.
The crystal guardian fires a crystalline bolt at you.
The crystal bolt burns you. You resist.
* * * LOW HITPOINT WARNING * * *
The crystal guardian glitters, brittle, in the dim dungeon light.
Fire: 15 stones
Press: ? - help, Q - select action, (/) - cycle Shift-Dir - straight line, f/p - crystal guardian
Aim: a crystal guardian (98% to hit)
You shoot a stone. The stone hits the crystal guardian.
The crystal guardian is lightly damaged.
The crystal guardian fires a crystalline bolt at you.
The crystal bolt freezes you! You resist.
You die...
Your body crumbles into a pile of gold.

#.# ###...#.∩∩∩∩.#
#.#+#...§.#..∩∩∩.#
#.#.§.....#.....!#
#.#.......###''###
#.....§...#.8..(.#
#########.#......#
#.#.#$#$#........#
#.......8........#
#.@.....8(.(.(...#
###+##############


You could see 2 crystal guardians.

Vanquished Creatures
  Sigmund (D)
  Erolcha (D)
  A deep elf pyromancer (D)
  2 crystal guardians (D)
  Edmund (D)
  3 wandering mushrooms (D)
  2 orc high priests (D)
  A shadow (D)
  2 redbacks (D)
  A spatial vortex (D)
  A necrophage (D)
  5 two-headed ogres (D)
  A water elemental (D)
  A jelly (D)
  2 orc priests (D)
  Jessica (D)
  A wizard (D)
  A necromancer (D)
  3 humans (D)
  A kobold demonologist (D)
  A wolf (D)
  An endoplasm (D)
  2 rats (D)
36 creatures vanquished.

Vanquished Creatures (others)
  A hellion (D)
  10 plants (D)
11 creatures vanquished.

Grand Total: 47 creatures vanquished

Notes
Turn   | Place    | Note
-------+----------+-------------------------------------------
     0 | D        | styxcanada the Spriggan Brigand began the quest for the
                  | Orb.
     0 | D        | Reached XP level 1. HP: 10/10 MP: 2/2
     5 | D        | Reached skill level 6 in Stealth
    11 | D        | Noticed Jessica
    33 | D        | Killed Jessica
    34 | D        | Reached skill level 9 in Stealth
    34 | D        | Reached XP level 2. HP: 15/15 MP: 3/3
    34 | D        | Reached XP level 3. HP: 18/18 MP: 4/4
    80 | D        | Reached skill level 10 in Stealth
   208 | D        | Gained mutation: Armour fits poorly on your strangely
                  | shaped body. [potion of mutation]
   208 | D        | Gained mutation: You passively dampen the noise of your
                  | surroundings. [potion of mutation]
   208 | D        | Gained mutation: Your body sometimes deteriorates upon
                  | taking damage. [potion of mutation]
   208 | D        | Gained mutation: You evolve. [potion of mutation]
   209 | D        | Lost mutation: You evolve. [potion of mutation]
   209 | D        | Lost mutation: Your body sometimes deteriorates upon taking
                  | damage. [potion of mutation]
   209 | D        | Lost mutation: Armour fits poorly on your strangely shaped
                  | body. [potion of mutation]
   209 | D        | Gained mutation: You have large cloven feet. [potion of
                  | mutation]
   209 | D        | Gained mutation: You have a pair of small horns on your
                  | head. [potion of mutation]
   210 | D        | Lost mutation: You have a pair of small horns on your head.
                  | [potion of mutation]
   210 | D        | Gained mutation: Your spells are a little harder to cast,
                  | but a little more powerful. [potion of mutation]
   210 | D        | Gained mutation: You are strong-willed. (Will+) [potion of
                  | mutation]
   210 | D        | Gained mutation: You are highly strong-willed. (Will++)
                  | [potion of mutation]
   224 | D        | Noticed a water elemental
   227 | D        | Killed a water elemental
   228 | D        | Reached skill level 12 in Stealth
   228 | D        | Reached XP level 4. HP: 24/24 MP: 5/5
   237 | D        | Noticed a shadow
   244 | D        | Reached skill level 13 in Stealth
   244 | D        | Reached skill level 1 in Spellcasting
   244 | D        | Reached XP level 5. HP: 15/28 MP: 5/7
   257 | D        | Killed a shadow
   258 | D        | Reached skill level 5 in Dodging
   258 | D        | Reached skill level 15 in Stealth
   258 | D        | Reached XP level 6. HP: 33/33 MP: 5/12
   325 | D        | Found a blossoming altar of Fedhas.
   325 | D        | Found a stormy altar of Qazlal.
   326 | D        | Found a snail-covered altar of Cheibriados.
   326 | D        | Found a burning altar of Makhleb.
   326 | D        | Found a hazy altar of Hepliaklqana.
   326 | D        | Found a shimmering altar of Xom.
   326 | D        | Found an opulent altar of Gozag.
   326 | D        | Found a sparkling altar of Nemelex Xobeh.
   326 | D        | Found a corrupted altar of Lugonu.
   326 | D        | Found a viscous altar of Jiyva.
   326 | D        | Noticed a spatial vortex
   330 | D        | Became a worshipper of Gozag Ym Sagoz the Greedy
   558 | D        | Found a radiant altar of Vehumet.
   558 | D        | Found a shimmering blue altar of Sif Muna.
   558 | D        | Found an ancient bone altar of Kikubaaqudgha.
   563 | D        | Reached skill level 5 in Short Blades
   569 | D        | Learned a level 1 spell: Magic Dart
   573 | D        | Learned a level 3 spell: Mephitic Cloud
   581 | D        | Found a glowing silver altar of Zin.
   581 | D        | Found a glowing golden altar of the Shining One.
   581 | D        | Found a white marble altar of Elyvilon.
   582 | D        | Noticed a deep elf pyromancer
   584 | D        | Killed a deep elf pyromancer
   585 | D        | Reached skill level 17 in Stealth
   585 | D        | Reached skill level 5 in Spellcasting
   585 | D        | Reached XP level 7. HP: 38/38 MP: 12/15
   591 | D        | Found a hide-covered altar of Uskayaw.
   591 | D        | Found an iron altar of Okawaru.
   591 | D        | Found a bloodstained altar of Trog.
   591 | D        | Found an ornate altar of the Wu Jian Council.
   591 | D        | Noticed a human
   591 | D        | Noticed a human
   594 | D        | Killed a human
   604 | D        | Killed a human
   605 | D        | Reached skill level 5 in Fighting
   605 | D        | Reached skill level 18 in Stealth
   605 | D        | Reached XP level 8. HP: 29/43 MP: 14/17
   714 | D        | Found a basalt altar of Yredelemnul.
   714 | D        | Found a shadowy altar of Dithmenos.
   714 | D        | Found a sacrificial altar of Ru.
  1101 | D        | Reached skill level 5 in Throwing
  1393 | D        | Noticed a two-headed ogre
  1396 | D        | Killed a two-headed ogre
  1397 | D        | Reached skill level 1 in Evocations
  1402 | D        | Noticed a two-headed ogre
  1402 | D        | Noticed Erolcha
  1404 | D        | Killed Erolcha
  1405 | D        | Reached skill level 19 in Stealth
  1405 | D        | Reached XP level 9. HP: 48/48 MP: 18/20
  1405 | D        | Killed a two-headed ogre
  1424 | D        | Reached skill level 20 in Stealth
  1424 | D        | Reached skill level 5 in Poison Magic
  1441 | D        | Noticed a wandering mushroom
  1445 | D        | Noticed a wandering mushroom
  1447 | D        | Noticed a wandering mushroom
  1448 | D        | Killed a wandering mushroom
  1461 | D        | Killed a hellion
  1843 | D        | Noticed Edmund
  1844 | D        | Noticed Sigmund
  1847 | D        | Killed Sigmund
  1848 | D        | Reached skill level 10 in Dodging
  1848 | D        | Reached skill level 21 in Stealth
  1848 | D        | Reached skill level 10 in Spellcasting
  1848 | D        | Reached skill level 5 in Conjurations
  1848 | D        | Reached XP level 10. HP: 55/55 MP: 21/25
  1860 | D        | Killed Edmund
  2013 | D        | Noticed an orange demon
  2210 | D        | Noticed an orange crystal statue
  2222 | D        | Found Meawiree's Magic Scroll Emporium.
  2222 | D        | Found Syveetsa's General Store.
  2222 | D        | Found Ziotzist's Distillery.
  2222 | D        | Found Hykac's Magic Scroll Boutique.
  2222 | D        | Found Aritzyd's Jewellery Emporium.
  2222 | D        | Found Kitwoun's Antique Weapon Shoppe.
  2222 | D        | Found Nuitotutz's Antique Weapon Shop.
  2222 | D        | Found Ziebrygi's Magic Scroll Shop.
  2222 | D        | Found Vaybru's Distillery.
  2222 | D        | Found Dovyos's Antique Armour Emporium.
  2222 | D        | Found Xaf Weqe's Book Boutique.
  2243 | D        | Bought an embroidered robe for 88 gold pieces
  2254 | D        | Bought a scroll of immolation for 42 gold pieces
  2254 | D        | Bought a scroll of summoning for 114 gold pieces
  2254 | D        | Bought a scroll of acquirement for 624 gold pieces
  2254 | D        | Acquired the ring of Lanir {rPois rF+ Will+}
  2258 | D        | Bought a dazzling hunting sling for 188 gold pieces
  2258 | D        | Identified the +4 hunting sling of the Eternal Void
                  | {freeze, rPois rF+ rC+ Str-3} (You bought it in a shop in
                  | the Dungeon)
  2262 | D        | Bought a scroll of magic mapping for 42 gold pieces
  2266 | D        | Learned a level 2 spell: Searing Ray
  2270 | D        | Bought a potion of heal wounds for 70 gold pieces
  2270 | D        | Bought a potion of heal wounds for 70 gold pieces
  2270 | D        | Bought a potion of heal wounds for 70 gold pieces
  2272 | D        | Bought a potion of berserk rage for 55 gold pieces
  2272 | D        | Bought a potion of heal wounds for 55 gold pieces
  2273 | D        | Bought a book of Maledictions for 252 gold pieces
  2276 | D        | Learned a level 2 spell: Ensorcelled Hibernation
  2299 | D        | Noticed a crystal guardian
  2299 | D        | Noticed a crystal guardian
  2299 | D        | Noticed a crystal guardian
  2301 | D        | Noticed a crystal guardian
  2302 | D        | Killed a crystal guardian
  2303 | D        | Reached XP level 11. HP: 58/58 MP: 27/27
  2305 | D        | Killed a crystal guardian
  2306 | D        | Reached skill level 1 in Hexes
  2356 | D        | Killed from afar by a crystal guardian

Illustrated notes

Levels and vault maps discovered:
D:        dungeon_sprint_mu [sprint_mu_entry_forest, sprint_mu_temple_rooms,
          sprint_mu_d1_spiders, sprint_mu_d2_genie, sprint_mu_d3_branching,
          sprint_mu_orc_legion, sprint_mu_elf_gauntlet, sprint_mu_hive_nellie,
          sprint_mu_lair_fedhas, sprint_mu_vaults_butterflies,
          sprint_mu_slime_circle, sprint_mu_swamp_cave, sprint_mu_snake_twists,
          sprint_mu_blade_basic, sprint_mu_crypt_fortress,
          sprint_mu_tomb_spiral, sprint_mu_vestibule_basic,
          sprint_mu_gehenna_hellfire, sprint_mu_dis_giant,
          sprint_mu_tartarus_statrot, sprint_mu_cocytus_islands, sprint_mu_zot1]

Skill      XL: |  1  2  3  4  5  6  7  8  9 10 11 |
---------------+----------------------------------+-----
Stealth        | 9 12 13 15 17 18 19 21 | 21.5
Fighting       | 2 3 4 5 7 |  7.2
Dodging        | 3 4 5 7 9 10 | 10.9
Short Blades   | 3 4 5 6 7 |  7.6
Throwing       | 3 4 6 7 |  7.1
Spellcasting   | 1 3 5 7 10 11 | 11.3
Conjurations   | 2 3 5 |  5.9
Air Magic      | 2 4 6 |  6.3
Poison Magic   | 2 4 6 |  6.9
Evocations     | 3 7 |  7.7
Hexes          | 1 |  1.3
Ice Magic      | |  0.8

Action                   |  1- 3 |  4- 6 |  7- 9 | 10-12 || total
-------------------------+-------+-------+-------+-------++-------
Melee: Dagger            |     8 |    15 |    39 |    23 ||    85
       Kick              |       |       |    14 |     7 ||    21
 Fire: Hunting sling     |       |       |       |     7 ||     7
Throw: Dart              |    13 |       |    19 |    10 ||    42
 Cast: Magic Dart        |       |       |    77 |       ||    77
       Mephitic Cloud    |       |       |       |     5 ||     5
Evoke: Wand              |       |       |     1 |       ||     1
  Use: Potion            |     3 |     2 |       |     1 ||     6
       Scroll            |       |       |       |     3 ||     3
 Stab: Sleeping          |     3 |     4 |     9 |     2 ||    18
       Distracted        |       |       |     1 |       ||     1
       Confused          |       |       |       |     5 ||     5
Armor: Robe              |     1 |       |     2 |       ||     3
Dodge: Dodged            |    11 |     5 |    15 |    16 ||    47
